 Dungeon Crawl Stone Soup version 0.26.1-2-gb8aa6d0cf2 (webtiles) character file.

Game seed: 16069653209103819505

271 Diabellus the Digger (level 6, -2/35 HPs)
             Began as a Gargoyle Earth Elementalist on Feb 17, 2021.
             Killed from afar by an orc wizard (9 damage)
             ... with a puff of flame
             ... on level 3 of the Dungeon.
             The game lasted 00:05:12 (2286 turns).

Diabellus the Digger (Gargoyle Earth Elementalist)  Turns: 2286, Time: 00:05:14

Health: -2/35      AC:  6    Str: 11    XL:     6   Next: 23%
Magic:  5/11       EV: 12    Int: 18    God:
Gold:   125        SH:  0    Dex: 10    Spells: 7/11 levels left

rFire    . . .     SeeInvis .   n - +1 dagger (drain)
rCold    . . .     Faith    .   (no shield)
rNeg     + . .     Spirit   .   m - +0 robe
rPois    ∞         Reflect  .   (no helmet)
rElec    +         Harm     .   (no cloak)
rCorr    .         Rampage  .   (no gloves)
Will     .....                  (no boots)
Stlth    ++........             (no amulet)
HPRegen  0.11/turn              (no ring)
MPRegen  0.12/turn              (no ring)

@: no status effects
A: negative energy resistance 1, electricity resistance, unbreathing,
petrification resistance, miasma immunity, AC +4
a: no special abilities


You were on level 3 of the Dungeon.
You visited 1 branch of the dungeon, and saw 3 of its levels.

You collected 125 gold pieces.

Inventory:

Hand Weapons
 l - a +0 scythe
 n - a +1 dagger of draining (weapon)
Missiles
 b - 59 stones
Armour
 c - a +0 robe
 m - a +0 robe (worn)
Scrolls
 a - 2 scrolls of enchant armour {unknown}
 e - 4 scrolls of enchant weapon {unknown}
 f - a scroll of fog {unknown}
 g - 2 scrolls of teleportation {unknown}
 h - 2 scrolls of amnesia {unknown}
 i - 2 scrolls of blinking {unknown}
 k - a scroll of identify {unknown}
Potions
 d - a potion of lignification {unknown}
 j - a potion of berserk rage {unknown}


   Skills:
 + Level 2.0 Fighting
 + Level 1.9 Armour
 - Level 1.5 Dodging
 - Level 2.1 Stealth
 * Level 3.3 Spellcasting
 + Level 1.4 Conjurations
 * Level 2.2 Transmutations
 * Level 4.9 Earth Magic


You had 7 spell levels left.
You knew the following spells:

 Your Spells              Type           Power        Failure   Level
a - Sandblast             Erth           40%          1%          1
b - Stone Arrow           Conj/Erth      28%          13%         3

Your spell library contained the following spells:

 Spells                   Type           Power        Failure   Level
 Passwall                 Tmut/Erth      13%          5%          2
 Petrify                  Tmut/Erth      16%          34%         4
 Lee's Rapid Deconstruct  Erth           10%          50%         5


Dungeon Overview and Level Annotations

Branches:
Dungeon (3/15)

Altars:
Makhleb
The Shining One


Innate Abilities, Weirdness & Mutations

You are resistant to torment.
Your stone body is resilient. (AC +4)
You are immune to poison.
You resist negative energy. (rN+)
You are resistant to electric shocks. (rElec)
You can survive without breathing.
You are immune to petrification.
You are immune to miasma.


Message History

You barely miss the orc wizard.
The orc wizard is almost dead.
The orc wizard casts a spell at you. The magic dart hits you.
The orc wizard casts a spell at you. The puff of flame hits you.
You barely miss the orc wizard.
The orc wizard is almost dead.
The orc wizard gestures at you while chanting.
The puff of frost hits you.
* * * LOW HITPOINT WARNING * * *
You hit the orc wizard but do no damage.
You drain the orc wizard.
The orc wizard is almost dead.
The orc wizard casts a spell at you. The magic dart hits you.
* * * LOW HITPOINT WARNING * * *
The orc wizard casts a spell at you. The puff of flame hits you!
You die...

...........#
...........#
..!........# ### #.
...........# #.. ...
...........# .. .._.
......†....# .#....(
..).......o##.......
.......<..ro@.....⌠.
$.........o##.....$.
...........# ..._...
!..........# #......
############ ......
##.... ####


You could see an orc wizard (fast, drained), 2 orcs and a rat.

Vanquished Creatures
  Sigmund (D:2)
  Jessica (D:2)
  Natasha (D:3)
  An adder (D:2)
  2 worms (D:2)
  A dart slug (D:2)
  2 leopard geckos (D:1)
  An orc (D:3)
  2 ball pythons (D:2)
  3 giant cockroaches
  4 goblins
  4 hobgoblins
  7 jackals
  2 kobolds
  A quokka (D:2)
  4 bats
  5 frilled lizards
  3 rats
45 creatures vanquished.

Notes
Turn   | Place    | Note
-------+----------+-------------------------------------------
     0 | D:1      | Diabellus the Gargoyle Earth Elementalist began the quest
                  | for the Orb.
     0 | D:1      | Reached XP level 1. HP: 10/10 MP: 3/3
   274 | D:1      | Reached skill level 1 in Transmutations
   333 | D:1      | Reached XP level 2. HP: 15/15 MP: 3/5
  1062 | D:2      | Reached skill level 4 in Earth Magic
  1138 | D:2      | Reached XP level 3. HP: 19/20 MP: 1/6
  1142 | D:2      | Learned a level 3 spell: Stone Arrow
  1222 | D:2      | Reached skill level 1 in Fighting
  1725 | D:2      | Noticed Sigmund
  1735 | D:2      | Killed Sigmund
  1736 | D:2      | Reached skill level 1 in Armour
  1736 | D:2      | Reached skill level 1 in Conjurations
  1736 | D:2      | Reached XP level 4. HP: 18/26 MP: 0/8
  1736 | D:2      | Reached XP level 5. HP: 21/30 MP: 0/9
  1913 | D:2      | Noticed Jessica
  1915 | D:2      | Killed Jessica
  1916 | D:2      | Reached XP level 6. HP: 35/35 MP: 8/10
  2266 | D:3      | Found a burning altar of Makhleb.
  2269 | D:3      | Found a glowing golden altar of the Shining One.
  2269 | D:3      | Noticed Natasha
  2273 | D:3      | Killed Natasha
  2286 | D:3      | Killed from afar by an orc wizard

Illustrated notes

Levels and vault maps discovered:
D:1:      minmay_arrival_stair_chambers, layout_basic
D:2:      layout_basic, minmay_hedge_maze, uniq_sigmund, uniq_jessica
D:3:      layout_basic, grunt_temple_overflow_open, st_stairs_3, uniq_natasha

Skill      XL: |  1  2  3  4  5  6 |
---------------+-------------------+-----
Transmutations | 1 2 |  2.2
Earth Magic    | 4 |  4.9
Fighting       | 1 2 |  2.0
Armour         | 1 |  1.9
Spellcasting   | 3 |  3.3
Conjurations   | 1 |  1.4
Dodging        | |  1.5
Stealth        | |  2.1

Action                   |  1- 3 |  4- 6 || total
-------------------------+-------+-------++-------
Melee: Unarmed           |   148 |       ||   148
       Dagger            |       |    11 ||    11
 Cast: Sandblast         |    59 |    21 ||    80
Armor: Robe              |     5 |     5 ||    10
Dodge: Dodged            |    21 |     9 ||    30
